 Dungeon Crawl Stone Soup version 0.31-a0-846-gb3bcc0d (webtiles) character file.

Game seed: 14927541845731653059

1514512 BarneyGumball the Middleweight Champion (level 26, 259/259 HPs)
             Began as a Ghoul Monk on Oct 3, 2023.
             Was the Champion of Ru.
             Escaped with the Orb
             ... and 3 runes!
             The game lasted 05:56:23 (84371 turns).

BarneyGumball the Middleweight Champion (GhMo)     Turns: 84371, Time: 05:56:23

Health: 259/259    AC: 30    Str: 30      XL:     26
Magic:  22/22      EV: 10    Int: 11      God:    Ru [******]
Gold:   3382       SH: 26    Dex:  5 (6)  Spells: 25/25 levels left

rFire   + +          .
                       - Unarmed
rCold   + + +        a - +3 tower shield
rNeg    + + +        h - +0 ice dragon scales of the Shoals {rF- rC++ Will+ rCorr}
rPois   ∞            u - +0 helmet
rElec   +            H - +2 cloak
rCorr   +            R - +2 pair of gloves
SInv    .            P - +2 pair of boots {Stlth+}
Will    ++...        S - amulet "Itemoen" {Reflect rPois SH+5} Stlth
                     l - ring of Springtime {rElec rC++ Str+3 Int+6 Dex-2}
HPRegen 0.63/turn    c - ring of Cynicism {rPois rF+++ AC+4 Dex-3 Stlth+, =R}
MPRegen 0.18/turn

%: inaccuracy (-5), reflection
@: studying Maces & Flails
A: claws 1, cold resistance 1, negative energy resistance 3, inhibited
regeneration, torment resistance 2, no stealth, hated by all, reduced AC 1,
disrupted magic 1, inexperienced 1, missing an eye, devour on kill
0: Orb of Zot
}: 3/15 runes: decaying, slimy, gossamer
a: Renounce Religion, Draw Out Power, Power Leap, Apocalypse


You escaped.
You worshipped Ru.
Ru was exalted by your worship.
You visited 10 branches of the dungeon, and saw 51 of its levels.

You collected 7073 gold pieces.
You spent 3691 gold pieces at shops.

Inventory:

Missiles
 y - 29 poisoned darts
 I - 6 curare-tipped darts
 Y - 7 javelins
Armour
 a - a +3 tower shield (worn)
 h - the +0 ice dragon scales of the Shoals (worn) {rF- rC++ Will+ rCorr}
   (You acquired it on level 3 of the Lair of Beasts)

   rF-:       It makes you vulnerable to fire.
   rC++:      It greatly protects you from cold.
   Will+:     It increases your willpower.
   rCorr:     It protects you from acid and corrosion.
 u - a +0 helmet (worn)
 H - a +2 cloak (worn)
 P - a +2 pair of boots of stealth (worn)
 Q - +2 gold dragon scales
 R - a +2 pair of gloves (worn)
Jewellery
 c - the ring of Cynicism (right hand) {rPois rF+++ AC+4 Dex-3 Stlth+, =R}
   (You found it on level 5 of the Lair of Beasts)

   [ring of protection]

   AC+4:      It affects your AC (+4).
   Dex-3:     It affects your dexterity (-3).
   rF+++:     It renders you almost immune to fire.
   rPois:     It protects you from poison Stlth+: It makes you more stealthy.
 d - a ring of protection from cold
 l - the ring of Springtime (left hand) {rElec rC++ Str+3 Int+6 Dex-2}
   (You acquired it on level 5 of the Lair of Beasts)

   [ring of intelligence]

   Str+3:     It affects your strength (+3).
   Int+6:     It affects your intelligence (+6).
   Dex-2:     It affects your dexterity (-2).
   rC++:      It greatly protects you from cold.
   rElec:     It insulates you from electricity.
 D - a ring of resist corrosion
 J - a ring of see invisible
 S - the amulet "Itemoen" (around neck) {Reflect rPois SH+5}
   (You bought it in a shop on level 2 of the Orcish Mines)

   [amulet of reflection]

   Reflect:   It reflects blocked missile attacks.
   rPois:     It protects you from poison SH+5: It affects your SH (+5).
 X - the ring of Xoakhluitz {Fly Will+ Int+3}
   (You found it on level 5 of the Lair of Beasts)

   [ring of flight]

   Int+3:     It affects your intelligence (+3).
   Will+:     It increases your willpower.
   Fly:       It grants you flight.
Wands
 r - a wand of acid (13)
 t - a wand of roots (29)
 F - a wand of digging (20)
 K - a wand of mindburst (7)
 M - a wand of polymorph (33)
 W - a wand of flame (50)
Scrolls
 f - 6 scrolls of brand weapon
 g - 7 scrolls of enchant weapon
 j - a scroll of blinking
 o - 11 scrolls of fog
 q - 4 scrolls of silence
 s - 5 scrolls of immolation
 v - 4 scrolls of poison
 x - 15 scrolls of amnesia
 z - 5 scrolls of fear
 A - 6 scrolls of teleportation
 E - 5 scrolls of vulnerability
 T - a scroll of torment
Potions
 b - 14 potions of ambrosia
 e - 2 potions of might
 i - 3 potions of cancellation
 k - 2 potions of heal wounds
 m - 22 potions of curing
 n - 6 potions of enlightenment
 p - a potion of haste
 B - 12 potions of attraction
 G - 7 potions of resistance
 L - 3 potions of invisibility
 O - 3 potions of magic
 V - 5 potions of brilliance
Miscellaneous
 N - a lightning rod (4/4)


   Skills:
 + Level 25.4 Fighting
 - Level 15.0 Throwing
 + Level 20.4 Armour
 - Level 4.0 Dodging
 + Level 18.7 Shields
 O Level 27 Unarmed Combat
 + Level 14.3 Evocations


You had 25 spell levels left.
You didn't know any spells.
Your spell library contained the following spells:

 Spells                   Type           Power      Damage    Failure   Level
 Apportation              Tloc           0%         N/A       77%         1
 Foxfire                  Conj/Fire      0%         2x1d4     77%         1
 Freeze                   Ice            0%         1d3       77%         1
 Kiss of Death            Conj/Necr      0%         2d5       77%         1
 Necrotise                Necr           0%         1d4       77%         1
 Sandblast                Erth           0%         2d4       77%         1
 Shock                    Conj/Air       0%         1d3       77%         1
 Ensorcelled Hibernation  Hex/Ice        0%         N/A       88%         2
 Jinxbite                 Hex            0%         N/A       88%         2
 Lesser Beckoning         Tloc           0%         N/A       88%         2
 Momentum Strike          Conj/Tloc      0%         3d8       88%         2
 Passwall                 Tmut/Erth      0%         N/A       88%         2
 Poisonous Vapours        Pois/Air       0%         N/A       88%         2
 Scorch                   Fire           0%         2d5       88%         2
 Confusing Touch          Hex            0%         N/A       98%         3
 Frozen Ramparts          Ice            0%         1d1       98%         3
 Gell's Gravitas          Tloc           0%         N/A       98%         3
 Hailstorm                Conj/Ice       0%         3d3       98%         3
 Inner Flame              Hex/Fire       0%         N/A       98%         3
 Mephitic Cloud           Conj/Pois/Air  0%         N/A       98%         3
 Stone Arrow              Conj/Erth      0%         3d7       98%         3
 Swiftness                Air            0%         N/A       98%         3
 Teleport Other           Tloc           0%         N/A       98%         3
 Volatile Blastmotes      Fire/Tloc      0%         2d10      98%         3
 Airstrike                Air            0%         2d(0-16)  100%        4
 Anguish                  Hex/Necr       0%         N/A       100%        4
 Brom's Barrelling Bould  Conj/Erth      0%         2d3       100%        4
 Dimensional Bullseye     Hex/Tloc       0%         N/A       100%        4
 Dispel Undead            Necr           0%         3d6       100%        4
 Flame Wave               Conj/Fire      0%         2d4       100%        4
 Fulminant Prism          Conj/Hex       0%         3d5       100%        4
 Iskenderun's Mystic Bla  Conj/Tloc      0%         2d3       100%        4
 Olgreb's Toxic Radiance  Pois           0%         N/A       100%        4
 Petrify                  Tmut/Erth      0%         N/A       100%        4
 Sticky Flame             Conj/Fire      0%         2d3       100%        4
 Vhi's Electric Charge    Tloc/Air       0%         N/A       100%        4
 Arcjolt                  Conj/Air       0%         1d10      100%        5
 Borgnjor's Vile Clutch   Necr/Erth      0%         N/A       100%        5
 Freezing Cloud           Conj/Ice/Air   0%         6-21      100%        5
 Irradiate                Conj/Tmut      0%         3d11      100%        5
 Lee's Rapid Deconstruct  Erth           0%         3d4*      100%        5
 Dispersal                Tloc           0%         N/A       100%        6
 Plasma Beam              Fire/Air       0%         2x1d10    100%        6
 Starburst                Conj/Fire      0%         6d3       100%        6
 Ozocubu's Refrigeration  Ice            0%         4d7       100%        7
 Discord                  Hex            0%         N/A       100%        8
 Ignition                 Fire           0%         3d3       100%        8
 Maxwell's Capacitive Co  Air            0%         ∞         100%        8
 Polar Vortex             Ice            0%         N/A       100%        9
 Summon Small Mammal      Summ           Unusable   N/A       N/A         1
 Sublimation of Blood     Necr           Unusable   N/A       N/A         2
 Summon Guardian Golem    Hex/Summ       Unusable   N/A       N/A         3
 Tukima's Dance           Hex            Unusable   N/A       N/A         3
 Animate Armour           Summ/Erth      Unusable   N/A       N/A         4
 Animate Dead             Necr           Unusable   N/A       N/A         4
 Summon Lightning Spire   Summ/Air       Unusable   N/A       N/A         4
 Death Channel            Necr           Unusable   N/A       N/A         6
 Simulacrum               Ice/Necr       Unusable   N/A       N/A         6
 Summon Cactus Giant      Summ           Unusable   N/A       N/A         6

Dungeon Overview and Level Annotations

Branches:
Dungeon (15/15)            Temple (0/1) D:4            Lair (5/5) D:10
  Swamp (4/4) Lair:3       Spider (4/4) Lair:2        Slime (5/5) Lair:5
    Orc (2/2) D:10            Elf (3/3) Orc:2        Vaults (4/5) D:13
  Crypt (0/3) Vaults:3     Depths (4/4) D:15            Zot (5/5) Depths:4

Altars:
Ashenzari
Cheibriados
Gozag
Kikubaaqudgha
Nemelex Xobeh
Okawaru
Ru
Trog
Vehumet
Wu Jian

Shops:
D:5 :[:   Orc:1 :   Orc:2 !([*=   Elf:3 (   Vaults:1 ?

Portals:
Hell: Depths:1 Depths:2 Depths:3 Depths:4
Abyss: Depths:3 Depths:4
Pandemonium: Depths:2
Ziggurat: Depths:4

Annotations:
D:6 2 transporters
D:9 exclusion: 5 doors
D:14 Roxanne
Lair:2 2 transporters, ooops's ghost, journeyman OpCj
Lair:3 3 runed translucent doors, exclusion: 3 doors, Luilaip's ghost, journeyman GnFi
Lair:5 Nessos
Elf:2 3 runed translucent doors, exclusion: 3 doors


Innate Abilities, Weirdness & Mutations

You are immune to poison.
You have sharp fingernails.
Your flesh is cold resistant. (rC+)
You are immune to negative energy. (rN+++)
You do not regenerate when monsters are visible.
You are immune to unholy pain and torment.
You cannot be stealthy.
You are hated by all.
You take slightly more damage. (AC -5)
Your casting is slightly disrupted.
You are somewhat inexperienced. (-1 XL)
You are missing an eye, making it more difficult to aim.
You thrive by killing the living.


Message History

Reactivating autopickup.
J - a ring of see invisible (left hand)
A lorocyproca comes into view.
You closely miss the lorocyproca.
The lorocyproca is almost dead.
The lorocyproca is stunned by your conviction and fails to attack.
You miss the lorocyproca.
The lorocyproca is almost dead.
You pummel the lorocyproca like a punching bag!!!
You kill the lorocyproca!
You remove your ring of see invisible.
You feel clever.
You feel stronger.
You feel clumsy.
l - the ring of Springtime (left hand) {rElec rC++ Str+3 Int+6 Dex-2}
There is an open door here.
There is an open door here.
A cacodemon and an orange demon come into view.
The orange demon screeches!
Aiming: Dig
Press: ? - help, Shift-Dir - straight line A rock wall.
This square is covered in magical glow.
The rock shatters into small pieces.
The cacodemon gestures at the rock wall.
Some rock shatters into small pieces.
You redirect the cacodemon's attack!
The cacodemon begins to attack, but is stunned by your conviction!
You block the orange demon's attack. The cacodemon gestures at you.
Strange energies course through your body.
Your body decomposes!
You feel clumsy.
The orange demon attacks as it pursues you!
The orange demon closely misses you.
There is a stone staircase leading up here.
You block the orange demon's attack.
You climb upwards.
There is a stone staircase leading down here.
There is a staircase leading out of the dungeon here.
You have escaped!

...#.....##≈≈≈~≈≈≈≈≈≈##..#
#....##.##≈≈≈≈≈~≈≈≈≈≈≈##.#
...####.#≈≈≈≈≈≈~≈≈≈≈≈≈≈#.#
...# #.≈≈≈8≈≈~≈≈≈≈≈8≈≈≈.#
...# #.≈≈≈≈≈~≈≈≈≈≈≈≈≈≈≈.#
...# #.≈≈≈≈≈~≈≈≈...≈≈≈≈.#
..#####.≈≈≈≈≈~≈≈.≈≈≈.≈≈.##
#.#.....≈≈≈≈≈≈~>.≈≈≈≈..≈#
#.#.##.#≈..≈≈≈≈.@~≈≈≈≈≈≈#
..#.##.#.≈≈.≈≈≈.≈≈~≈≈≈≈≈#
..#.##..≈≈≈≈...≈≈≈~≈≈≈≈≈#
....##..≈≈≈≈≈≈≈≈≈≈~≈≈≈≈≈#
..#####.≈≈≈8≈≈≈≈≈~≈≈8≈≈≈#
### #.#≈≈≈≈≈≈≈~≈≈≈≈≈≈##
#...≈≈≈≈≈≈~≈≈≈≈≈##
###.#≈≈≈≈≈≈~≈≈≈## #
#..........###


There were no monsters in sight!

Vanquished Creatures
  the Royal Jelly (Slime:5)
  3 orbs of fire
  A dread lich (Zot:5)
  4 ancient liches (Zot:5)
  2 juggernauts (Depths:3)
  Sojobo (Depths:4)
  the Lernaean hydra (Swamp:4)
  5 Killer Klowns
  Saint Roka (Vaults:1)
  6 curse toes
  A caustic shrike (Depths:3)
  9 golden dragons
  Jory (Depths:3)
  Nikola (Vaults:1)
  Norris (Depths:1)
  Arachne (Spider:4)
  15 tentacled monstrosities
  2 hellephants (Depths:1)
  3 electric golems
  Jorgrun (D:13)
  26 Orb Guardians
  Mlioglotl (Spider:4)
  Asterion (Spider:1)
  A walking earthen tome (Depths:3)
  2 deep elf blademasters (Elf:3)
  3 liches
  14 quicksilver dragons
  4 deep elf master archers (Elf:3)
  2 sphinxes
  17 acid blobs
  2 titans (Depths:3)
  10 death cobs
  Kirke (D:15)
  Agnes (Lair:2)
  A thorn hunter (Swamp:3)
  6 shadow dragons
  12 storm dragons
  Aizul (Swamp:2)
  10 rockslimes
  7 tengu reavers
  12 draconian monks
  12 fire giants
  8 azure jellies
  5 deep elf sorcerers
  8 frost giants
  An iron dragon (Zot:5)
  4 emperor scorpions
  9 draconian knights
  7 draconian scorchers
  A draconian stormcaller (Zot:2)
  5 ghost moths
  Louise (Elf:3)
  8 draconian shifters
  13 vault wardens
  21 very ugly things
  20 ironbound preservers
  A spriggan defender (Depths:3)
  7 ironbound thunderhulks
  7 draconian annihilators
  13 quicksilver oozes
  9 stone giants
  2 broodmothers (Spider:3)
  8 formless jellyfish
  A war gargoyle (Vaults:1)
  6 vampire knights
  3 orc warlords
  14 green draconians
  A lorocyproca (D:2)
  11 white draconians
  3 dire elephants (Vaults:4)
  26 black draconians
  15 purple draconians
  5 deep elf annihilators (Elf:3)
  5 deep elf demonologists
  Azrael (D:12)
  3 bunyips
  18 red draconians
  8 spark wasps
  6 yellow draconians
  6 eleionomae
  3 crystal guardians (Vaults:4)
  6 deep elf death magi
  7 ettins
  5 entropy weavers
  4 deep elf high priests
  10 yaktaur captains
  11 ice dragons
  13 vault guards
  10 fire dragons
  10 great orbs of eyes
  5 rakshasas
  Erolcha (Orc:2)
  4 spriggan air magi
  10 ironbound frosthearts
  An anaconda (Swamp:4)
  4 ghost crabs
  Erica (Orc:1)
  2 peacekeepers
  6 radroaches
  An ogre mage (D:14)
  3 death knights
  9 alligators
  4 jorogumos
  24 hydras
  18 centaur warriors
  5 boulder beetles
  2 two-headed ogres
  6 deep troll shamans
  14 demonic crawlers
  4 deep troll earth magi
  11 tengu warriors
  20 dancing weapons
  7 hell hogs (Depths:1)
  5 spriggan berserkers
  31 hell knights
  4 orc high priests (Orc:2)
  Urug (D:11)
  13 deep elf knights
  A soul eater (Depths:4)
  Nergalle (D:12)
  3 iron trolls (Depths:2)
  6 skeletal warriors
  2 death drakes (Depths:4)
  Sonja (Orc:2)
  A sixfirhy (Zot:2)
  A goliath frog (Lair:5)
  3 sun moths
  53 deep trolls
  2 glowing orange brains
  11 pharaoh ants
  5 skysharks
  A deep troll (shapeshifter) (Depths:4)
  A sea snake (shapeshifter) (D:14)
  A fire crab (shapeshifter) (D:14)
  3 spriggan druids
  12 orb spiders
  An obsidian statue (Zot:5)
  An orange crystal statue (Elf:1)
  6 bog bodies
  15 wizards
  5 steelbarb worms
  2 flayed ghosts (Depths:3)
  7 necromancers
  8 swamp dragons
  A tengu zombie (Vaults:4)
  15 lindwurms
  31 deep elf pyromancers
  5 deep elf archers
  17 ironbound convokers
  2 phantasmal warriors (Depths:2)
  7 orc knights
  30 deep elf zephyrmancers
  2 harpies (shapeshifter)
  A salamander (shapeshifter) (D:11)
  9 cyclopes
  4 shining eyes
  A stone giant zombie (Vaults:4)
  47 ugly things
  30 wolf spiders
  3 orc sorcerers (Orc:2)
  7 elephants
  27 moths of wrath
  2 manticores
  21 vault sentinels
  6 torpor snails
  3 black mambas
  An orange demon (D:7)
  An eye of devastation (shapeshifter) (Depths:4)
  An eye of devastation (Slime:5)
  A gargoyle (D:10)
  2 centaur skeletons (D:13)
  14 cane toads
  An efreet (D:13)
  4 kobold demonologists
  A freezing wraith (D:14)
  A hellion (Zot:1)
  A yaktaur (shapeshifter) (Depths:3)
  28 yaktaurs
  An ice devil (Depths:4)
  4 rime drakes
  10 komodo dragons
  4 tengu conjurers
  3 meliai
  16 hornets
  2 hellwings (Depths:1)
  A merfolk (shapeshifter) (Depths:3)
  9 tyrant leeches
  A wolf spider simulacrum (D:14)
  2 polar bears
  5 trolls
  A bloated husk (Swamp:3)
  A wind drake (shapeshifter) (Depths:3)
  A queen bee (D:9)
  34 tarantellas
  A tyrant leech (shapeshifter) (Vaults:2)
  37 blink frogs
  A blink frog (shapeshifter) (Elf:1)
  2 large abominations
  115 slime creatures
  2 air elementals
  5 spriggans
  37 jumping spiders
  A water elemental (Elf:3)
  2 shadows (D:12)
  2 wyverns
  26 culicivoras
  4 hogs (D:15)
  A hog (shapeshifter) (Depths:3)
  A human (D:15)
  75 redbacks
  39 yaks
  2 wraiths
  5 fire elementals
  4 basilisks
  11 golden eyes
  3 steam dragons
  22 vampire mosquitoes
  15 swamp worms
  A glowing shapeshifter zombie (Vaults:4)
  2 wargs
  2 hell hounds (D:12)
  An acid dragon (D:6)
  A floating eye (Slime:4)
  37 orc warriors
  13 water moccasins
  12 swamp drakes
  5 ice beasts
  6 ogres
  5 boggarts (D:15)
  25 wolves
  6 centaurs
  7 kobold brigands
  A gnoll sergeant (D:12)
  6 scorpions
  A human skeleton (Vaults:4)
  14 bullfrogs
  2 earth elementals
  35 killer bees
  2 electric eels
  2 howler monkeys
  19 jellies
  25 orc priests
  3 hounds
  An iron imp (D:9)
  4 iguanas
  Ijyb (D:3)
  26 orc wizards
  11 hell rats (Lair:4)
  2 boggart skeletons (D:13)
  7 gnolls
  4 adders
  A white imp (D:8)
  3 worms
  4 dart slugs (D:1)
  69 orcs
  4 bats
  11 endoplasms
  8 giant cockroaches
  2 goblins
  13 hobgoblins
  2 jackals (D:3)
  32 kobolds
  3 quokkas
  14 ball pythons
  4 frilled lizards
  8 rats
2246 creatures vanquished.

Vanquished Creatures (others)
  An ancient lich (Zot:5)
  A Killer Klown (Zot:4)
  A tentacled monstrosity (Zot:2)
  A draconian knight (Zot:4)
  A fire giant (Depths:3)
  A rockslime (Slime:5)
  A draconian scorcher (Zot:3)
  A vault warden (Vaults:2)
  An orc warlord (Orc:2)
  A stone giant (Depths:3)
  A quicksilver ooze (Slime:1)
  2 black draconians
  2 hydras
  A peacekeeper (Vaults:1)
  A boulder beetle (D:14)
  A deep elf knight (Elf:1)
  A shadow wraith (Vaults:3)
  2 deep trolls
  A pharaoh ant (Spider:3)
  A swamp dragon (Swamp:3)
  A bog body (Swamp:4)
  A spriggan druid (Swamp:1)
  A lindwurm (Vaults:2)
  2 deep elf zephyrmancers
  A moth of wrath (Zot:1)
  2 yaktaurs (Vaults:1)
  A bloated husk (Swamp:2)
  A tyrant leech (Swamp:1)
  A meliai (Spider:1)
  A culicivora (Spider:4)
  4 slime creatures
  A yak (Lair:5)
  2 redbacks (Spider:1)
  2 swamp worms
  A warg (Orc:1)
  2 wolves (Lair:5)
  An ogre (Orc:2)
  A killer bee (D:9)
  An orc (Orc:2)
  2 kobolds (D:6)
52 creatures vanquished.

Grand Total: 2298 creatures vanquished

Notes
Turn   | Place    | Note
-------+----------+-------------------------------------------
     0 | D:1      | BarneyGumball the Ghoul Monk began the quest for the Orb.
     0 | D:1      | Reached XP level 1. HP: 19/19 MP: 0/0
    82 | D:1      | Reached XP level 2. HP: 26/26 MP: 1/1
    96 | D:1      | Reached skill level 4 in Unarmed Combat
   189 | D:1      | Reached XP level 3. HP: 31/31 MP: 2/2
   677 | D:2      | Reached skill level 5 in Unarmed Combat
  1155 | D:2      | Found a sacrificial altar of Ru.
  1158 | D:2      | Reached XP level 4. HP: 32/38 MP: 3/3
  1163 | D:2      | Became a worshipper of Ru the Awakened
  1174 | D:2      | Gained mutation: You are hated by all. [Ru sacrifice]
  1174 | D:2      | Reached * piety under Ru
  1174 | D:2      | Reached ** piety under Ru
  1528 | D:3      | Found a faded altar of an unknown god.
  1563 | D:3      | Reached skill level 6 in Unarmed Combat
  1738 | D:3      | Reached XP level 5. HP: 45/45 MP: 4/4
  1750 | D:3      | Noticed Ijyb
  1760 | D:3      | Killed Ijyb
  2026 | D:4      | Found an ancient bone altar of Kikubaaqudgha.
  2081 | D:3      | Reached skill level 7 in Unarmed Combat
  2147 | D:4      | Reached XP level 6. HP: 51/51 MP: 5/5
  2225 | D:4      | Found a staircase to the Ecumenical Temple.
  2433 | D:4      | Found Gapar's Magic Scroll Boutique.
  2442 | D:4      | Bought a scroll of fear for 44 gold pieces
  2442 | D:4      | Bought a scroll of identify for 22 gold pieces
  2442 | D:4      | Bought a scroll of teleportation for 33 gold pieces
  2445 | D:4      | Bought a scroll of teleportation for 33 gold pieces
  2445 | D:4      | Bought a scroll of identify for 22 gold pieces
  2445 | D:4      | Bought a scroll of identify for 22 gold pieces
  2445 | D:4      | Bought a scroll of identify for 22 gold pieces
  2611 | D:5      | Entered Level 5 of the Dungeon
  2621 | D:5      | Found an iron altar of Okawaru.
  2773 | D:5      | Noticed an ice beast
  2791 | D:5      | Killed an ice beast
  2792 | D:5      | Reached skill level 8 in Unarmed Combat
  2882 | D:5      | Reached XP level 7. HP: 52/57 MP: 6/6
  2909 | D:5      | Found Cuajoola's Book Shoppe.
  3017 | D:5      | Found Futyr's Antique Armour Shoppe.
  3566 | D:5      | Found Zoc Orow's Book Emporium.
  3638 | D:6      | Identified the +3 leather armour of Ysitaiv {rPois}
  3683 | D:6      | Found a sacrificial altar of Ru.
  3731 | D:6      | Found a transporter.
  3746 | D:6      | Reached skill level 1 in Armour
  3782 | D:6      | Reached skill level 1 in Throwing
  3782 | D:6      | Reached skill level 9 in Unarmed Combat
  3834 | D:6      | Reached XP level 8. HP: 63/66 MP: 7/7
  3848 | D:6      | Found a transporter.
  4142 | D:6      | Found a sparkling altar of Nemelex Xobeh.
  4221 | D:6      | Reached skill level 5 in Fighting
  5047 | D:7      | Reached skill level 10 in Unarmed Combat
  5047 | D:7      | Reached XP level 9. HP: 68/74 MP: 8/8
  5573 | D:7      | Reached skill level 11 in Unarmed Combat
  5837 | D:7      | Reached skill level 12 in Unarmed Combat
  6202 | D:8      | Noticed a hornet
  6220 | D:8      | Killed a hornet
  6221 | D:8      | Reached skill level 13 in Unarmed Combat
  6221 | D:8      | Reached XP level 10. HP: 61/81 MP: 9/9
  6505 | D:8      | Reached skill level 1 in Evocations
  6925 | D:9      | Gained mutation: You are somewhat inexperienced. (-1 XL)
                  | [Ru sacrifice]
  6925 | D:9      | Reached XP level 9. HP: 75/75 MP: 8/8
  6925 | D:9      | Reached *** piety under Ru
  6990 | D:9      | Noticed a kobold demonologist
  7130 | D:9      | Killed a kobold demonologist
  7138 | D:9      | Noticed a two-headed ogre
  7157 | D:9      | Killed a two-headed ogre
  7285 | D:9      | Found a broken altar of Ashenzari.
  7289 | D:9      | Saw a vision of the Swamp and the Spider Nest.
  7289 | D:9      | Noticed a wolf spider
  7289 | D:9      | Noticed a steelbarb worm
  7289 | D:9      | Noticed a jorogumo
  7289 | D:9      | Noticed a radroach
  7289 | D:9      | Noticed a demonic crawler
  7289 | D:9      | Noticed a will-o-the-wisp
  7289 | D:9      | Noticed a will-o-the-wisp
  7289 | D:9      | Noticed an eight-headed hydra
  7289 | D:9      | Noticed a bunyip
  7289 | D:9      | Noticed an eleionoma
  7290 | D:9      | Noticed a ghost moth
  7290 | D:9      | Noticed a broodmother
  7291 | D:9      | Noticed an entropy weaver
  7292 | D:9      | Noticed a demonic crawler
  7292 | D:9      | Noticed an entropy weaver
  7292 | D:9      | Noticed a demonic crawler
  7293 | D:9      | Noticed a demonic crawler
  7361 | D:9      | Found a snail-covered altar of Cheibriados.
  7518 | D:9      | Reached skill level 14 in Unarmed Combat
  7546 | D:9      | Reached XP level 10. HP: 84/86 MP: 9/9
  7594 | D:9      | Found a radiant altar of Vehumet.
  7732 | D:10     | Entered Level 10 of the Dungeon
  8217 | D:10     | Found a staircase to the Lair.
  8322 | D:10     | Found a staircase to the Orcish Mines.
  8328 | D:10     | Identified the ring "Wovytac" {*Corrode rC+ Int+4}
  8524 | D:11     | Noticed a cyclops
  8689 | Lair:1   | Entered Level 1 of the Lair of Beasts
  8721 | Lair:1   | Gained mutation: You cannot be stealthy. [Ru sacrifice]
  8721 | Lair:1   | Reached **** piety under Ru
  8832 | Lair:1   | Reached skill level 1 in Shields
  9439 | Lair:1   | Reached skill level 5 in Armour
  9558 | Lair:1   | Found an opulent altar of Gozag.
  9901 | Lair:1   | Reached skill level 15 in Unarmed Combat
 10159 | Lair:2   | Reached XP level 11. HP: 97/97 MP: 10/10
 10201 | Lair:2   | Noticed ooops's ghost (journeyman OpCj)
 10845 | Lair:2   | Found a hole to the Spider Nest.
 11176 | Lair:2   | Noticed a five-headed hydra
 11184 | Lair:2   | Killed a five-headed hydra
 11330 | Lair:2   | Found a transporter.
 11331 | Lair:2   | Found a transporter.
 11634 | Lair:3   | Reached skill level 10 in Fighting
 11819 | Lair:3   | Noticed an eleionoma
 11893 | Lair:3   | Reached skill level 5 in Shields
 11967 | Lair:3   | Gained mutation: You are missing an eye, making it more
                  | difficult to aim. [Ru sacrifice]
 11967 | Lair:3   | Reached ***** piety under Ru
 12013 | Lair:3   | Killed an eleionoma
 12026 | Lair:3   | Found a staircase to the Swamp.
 12098 | Lair:3   | Found an ornate altar of the Wu Jian Council.
 12133 | Lair:3   | Found a runed translucent gate.
 12133 | Lair:3   | Found a runed translucent gate.
 12133 | Lair:3   | Found a runed translucent gate.
 12138 | Lair:3   | Noticed Luilaip's ghost (journeyman GnFi)
 12238 | Lair:3   | Reached skill level 5 in Evocations
 12258 | Lair:3   | Noticed a skyshark
 12277 | Lair:3   | Killed a skyshark
 12626 | Lair:3   | Reached XP level 12. HP: 83/108 MP: 11/11
 13009 | D:4      | Bought a scroll of acquirement for 572 gold pieces
 13009 | D:4      | Acquired a +0 buckler of protection
 13951 | Lair:4   | Reached skill level 16 in Unarmed Combat
 14571 | Lair:5   | Entered Level 5 of the Lair of Beasts
 15191 | Lair:4   | Gained mutation: You take slightly more damage. (AC -5) [Ru
                  | sacrifice]
 15991 | Lair:5   | Reached XP level 13. HP: 118/118 MP: 12/12
 16463 | Lair:5   | Found a staircase to the Slime Pits.
 16513 | Lair:5   | Identified the ring of Xoakhluitz {Fly Will+ Int+3}
 17042 | Lair:5   | Identified the +3 buckler "Aluwylih" {Will+ Str+3 Dex+3
                  | Stlth+}
 17043 | Lair:5   | Identified the +4 trident of Karma {drain, Str-5 Int+3
                  | SInv}
 17073 | Lair:5   | Identified the ring of Cynicism {rPois rF+++ AC+4 Dex-3
                  | Stlth+}
 17129 | Lair:5   | Acquired the +0 ice dragon scales of the Shoals {rF- rC++
                  | Will+ rCorr}
 17130 | Lair:5   | Acquired a manual of Armour
 17145 | Lair:5   | Acquired the ring of Springtime {rElec rC++ Str+3 Int+6
                  | Dex-2}
 17327 | Lair:5   | Noticed Nessos
 17506 | D:11     | Noticed Urug
 17525 | D:11     | Killed Urug
 17531 | D:11     | Identified the +1 leather armour of Tizi {rElec rF+ Slay+5}
 17990 | D:11     | Reached skill level 17 in Unarmed Combat
 18374 | D:11     | Gained mutation: Your casting is slightly disrupted. [Ru
                  | sacrifice]
 18374 | D:11     | Reached ****** piety under Ru
 18415 | D:12     | Noticed Nergalle
 18930 | D:12     | Killed Nergalle
 19303 | D:12     | Noticed Azrael
 19316 | D:12     | Killed Azrael
 20211 | D:13     | Noticed Jorgrun
 21443 | D:13     | Identified the +1 short sword "Viboda" {speed, Will- rCorr
                  | Int+2 SInv}
 21458 | D:13     | Reached skill level 10 in Armour
 21548 | D:13     | Reached XP level 14. HP: 96/127 MP: 13/13
 22380 | D:14     | Reached skill level 18 in Unarmed Combat
 23071 | D:14     | Reached skill level 10 in Shields
 23437 | D:14     | Noticed Roxanne
 23907 | D:15     | Entered Level 15 of the Dungeon
 24011 | D:15     | Noticed Kirke
 24053 | D:15     | Killed Kirke
 24595 | D:15     | Found the +3 giant club "Skullcrusher" {speed, Str+7}
 25171 | D:15     | Reached XP level 15. HP: 123/127 MP: 14/14
 25264 | D:15     | Found a staircase to the Depths.
 25789 | Orc:1    | Entered Level 1 of the Orcish Mines
 25997 | Orc:2    | Entered Level 2 of the Orcish Mines
 26077 | Orc:2    | Noticed Sonja
 26104 | Orc:2    | Killed Sonja
 26191 | Orc:2    | Found Numputitz's Distillery.
 26194 | Orc:1    | Noticed Erica
 26205 | Orc:1    | Killed Erica
 26297 | Orc:1    | Found Koenuon's Self-Improvement Boutique.
 26596 | Orc:2    | Bought 2 potions of might for 104 gold pieces
 26596 | Orc:2    | Bought a potion of might for 52 gold pieces
 26596 | Orc:2    | Bought a potion of curing for 39 gold pieces
 26596 | Orc:2    | Bought a potion of curing for 39 gold pieces
 26757 | Orc:2    | Found a staircase to the Elven Halls.
 27028 | Orc:2    | Noticed Erolcha
 27070 | Orc:2    | Killed Erolcha
 27290 | Orc:2    | Reached skill level 19 in Unarmed Combat
 27342 | Orc:2    | Found Laibim's General Store.
 27343 | Orc:2    | Found Lyofrug's Jewellery Shoppe.
 27344 | Orc:2    | Found Warch's Antique Armour Emporium.
 27344 | Orc:2    | Found Cetivo Ischoy's Antique Weapon Emporium.
 27358 | Orc:2    | Bought a scroll of identify for 20 gold pieces
 27493 | Orc:2    | Bought an embroidered hat for 252 gold pieces
 27503 | Orc:2    | Bought the amulet "Itemoen" {Reflect rPois SH+5} for 576
                  | gold pieces
 27679 | Swamp:1  | Entered Level 1 of the Swamp
 28788 | Swamp:2  | Noticed Aizul
 28796 | Swamp:2  | Killed Aizul
 29470 | Swamp:3  | Noticed a thorn hunter
 29483 | Swamp:3  | Killed a thorn hunter
 29499 | Swamp:3  | Reached skill level 5 in Throwing
 29846 | Swamp:3  | Identified the +5 long sword of Joyful Slaughter {flame,
                  | rPois Str+2}
 30318 | Swamp:4  | Entered Level 4 of the Swamp
 30999 | Swamp:4  | Reached XP level 16. HP: 146/146 MP: 15/15
 31741 | Swamp:4  | Reached skill level 20 in Unarmed Combat
 32001 | Swamp:4  | Noticed the 27-headed Lernaean hydra
 32024 | Swamp:4  | Killed the 27-headed Lernaean hydra
 32051 | Swamp:4  | Got a decaying rune of Zot
 32345 | Spider:1 | Entered Level 1 of the Spider Nest
 32509 | Spider:1 | Identified the +8 quarterstaff "Sieshe Vugu" {flame, rF+
                  | Dex+4}
 32611 | Spider:1 | Noticed Agnes
 32801 | Lair:2   | Killed Agnes
 32937 | Spider:1 | Noticed Asterion
 32951 | Spider:1 | Killed Asterion
 33960 | Spider:1 | Identified the +1 ring mail of Lethargy {rElec MP+9 Slay-3}
 34711 | Spider:1 | Reached XP level 17. HP: 124/136 MP: 16/16
 35387 | Spider:2 | Identified the +6 long sword of Ytoustryll {freeze, rF+
                  | Dex+4}
 35491 | Spider:3 | Reached skill level 10 in Throwing
 37648 | Spider:4 | Entered Level 4 of the Spider Nest
 37695 | Spider:3 | Reached skill level 15 in Shields
 38426 | Spider:4 | Noticed Arachne
 38426 | Spider:4 | Noticed Mlioglotl
 38447 | Spider:4 | Killed Arachne
 38484 | Spider:4 | Killed Mlioglotl
 39548 | Spider:4 | Reached XP level 18. HP: 159/160 MP: 17/17
 39829 | Spider:4 | Got a gossamer rune of Zot
 40003 | Spider:4 | Reached skill level 21 in Unarmed Combat
 40671 | D:13     | Killed Jorgrun
 40822 | D:13     | Found a gate to the Vaults.
 41080 | Vaults:1 | Entered Level 1 of the Vaults
 41882 | Orc:1    | Bought a manual of Fighting for 1040 gold pieces
 42268 | Vaults:1 | Noticed Saint Roka
 42295 | Vaults:1 | Killed Saint Roka
 42785 | Vaults:1 | Reached skill level 22 in Unarmed Combat
 43299 | Vaults:1 | Reached skill level 15 in Fighting
 43525 | Vaults:1 | Noticed Nikola
 43543 | Vaults:1 | Killed Nikola
 43743 | Vaults:1 | Found Visor's Magic Scroll Shoppe.
 44186 | Vaults:2 | Reached XP level 19. HP: 145/155 MP: 18/18
 46809 | Vaults:3 | Reached skill level 23 in Unarmed Combat
 46918 | Vaults:1 | Bought a scroll of blinking for 127 gold pieces
 46918 | Vaults:1 | Bought a scroll of poison for 68 gold pieces
 46918 | Vaults:1 | Bought a scroll of revelation for 127 gold pieces
 47052 | Vaults:3 | Identified the +2 buckler of Nautick {Dex+2}
 47535 | Vaults:3 | Identified the ring of Ziylaoff {rN+ Int+3}
 47660 | Vaults:3 | Found a staircase to the Crypt.
 47981 | Vaults:3 | Reached skill level 15 in Throwing
 48224 | Vaults:3 | You fall into a shaft and drop 1 floor!
 48654 | Vaults:4 | Reached XP level 20. HP: 189/189 MP: 19/19
 49716 | Vaults:4 | Reached skill level 24 in Unarmed Combat
 50212 | Vaults:4 | Identified the +1 helmet of Space {rPois rCorr Slay-5
                  | Stlth+}
 50905 | Vaults:1 | Bought a scroll of teleportation for 51 gold pieces
 50905 | Vaults:1 | Bought a scroll of fog for 68 gold pieces
 50905 | Vaults:1 | Bought a scroll of revelation for 127 gold pieces
 50905 | Vaults:1 | Bought a scroll of teleportation for 51 gold pieces
 51049 | Depths:1 | Entered Level 1 of the Depths
 51454 | Depths:1 | Reached skill level 25 in Unarmed Combat
 52049 | Depths:1 | Noticed Norris
 52073 | Depths:1 | Killed Norris
 52369 | Depths:1 | Found an ornate altar of the Wu Jian Council.
 52628 | Depths:1 | Found a gateway to Hell.
 52930 | Depths:1 | Reached XP level 21. HP: 129/180 MP: 20/20
 53222 | Depths:2 | Found a one-way gate leading to the halls of Pandemonium.
 54376 | Depths:2 | Reached skill level 15 in Armour
 54977 | Depths:3 | Noticed a juggernaut
 54983 | Depths:3 | Killed a juggernaut
 54994 | Depths:3 | Identified the +0 buckler of Focus {Int+2}
 55417 | Depths:3 | Noticed a caustic shrike
 55434 | Depths:3 | Killed a caustic shrike
 55735 | Depths:3 | Reached skill level 26 in Unarmed Combat
 56252 | Depths:3 | Identified the ring "Buvat" {Fire rN+ Dex+2}
 56872 | Depths:3 | Reached XP level 22. HP: 197/211 MP: 21/21
 56916 | Depths:3 | Noticed a golden dragon
 56921 | Depths:3 | Killed a golden dragon
 57105 | Depths:3 | Found an iron altar of Okawaru.
 57106 | Depths:3 | Found a bloodstained altar of Trog.
 57113 | Depths:3 | Found a sparkling altar of Nemelex Xobeh.
 57700 | Depths:3 | Noticed Jory
 57721 | Depths:3 | Killed Jory
 57871 | Depths:3 | Found a one-way gate to the infinite horrors of the Abyss.
 57997 | Depths:3 | Noticed a juggernaut
 58007 | Depths:3 | Killed a juggernaut
 58401 | D:5      | Bought a shiny kite shield for 180 gold pieces
 58770 | Depths:4 | Entered Level 4 of the Depths
 59181 | Depths:4 | Found a one-way gateway to a ziggurat.
 60490 | Depths:4 | Found a gate to the Realm of Zot.
 60506 | Depths:4 | Noticed Sojobo
 61196 | Depths:4 | Reached skill level 27 in Unarmed Combat
 61348 | Depths:4 | Noticed a golden dragon
 61569 | Depths:3 | Killed a golden dragon
 62723 | Slime:1  | Entered Level 1 of the Pits of Slime
 63042 | Slime:2  | Reached XP level 23. HP: 169/223 MP: 22/22
 64527 | Slime:4  | Paralysed by a floating eye for 4 turns
 65025 | Slime:5  | Entered Level 5 of the Pits of Slime
 65929 | Slime:5  | Noticed the Royal Jelly
 65938 | Slime:5  | Killed the Royal Jelly
 66301 | Slime:5  | Identified the amulet of Loidaot {Faith -Tele rElec rF+
                  | MP-9 Stlth+}
 66590 | Slime:5  | Got an uncut book
 66735 | Slime:5  | Identified the ring "Niamin" {Ice Will++ Str+3 Dex-5}
 66741 | Slime:5  | Got a slimy rune of Zot
 66783 | Slime:5  | Identified the amulet "Raaf" {Acrobat rF+ Int+4 Stlth+}
 66795 | Slime:5  | Identified the amulet "Viodow" {Acrobat Slay+5}
 67141 | Elf:1    | Entered Level 1 of the Elven Halls
 68352 | Elf:1    | Identified the +6 spear of Tomorrow {speed, rC+ rN+}
 68579 | Elf:2    | Found a crumbling gateway.
 68928 | Elf:2    | Reached skill level 10 in Evocations
 69265 | Elf:2    | Found a runed translucent gate.
 69266 | Elf:2    | Found a runed translucent gate.
 69266 | Elf:2    | Found a runed translucent gate.
 69295 | Elf:3    | Entered Level 3 of the Elven Halls
 69453 | Elf:3    | Reached XP level 24. HP: 110/235 MP: 22/22
 69924 | Elf:3    | Noticed Louise
 69947 | Elf:3    | Killed Louise
 70253 | Elf:3    | Found Nooc's Antique Weapon Shoppe.
 70260 | Elf:3    | Paralysed by an air elemental for 1 turns
 70614 | Elf:3    | Identified the +1 great sword of Regicide {freeze, rC++}
 70655 | Elf:3    | Identified the amulet of the Serpent {RegenMP Str+5 Int+2}
 70839 | Elf:3    | Identified the staff of the Puckish God {rPois rF+ rCorr
                  | Str-4 Poison}
 71021 | Elf:3    | Identified the staff of the Barnacled God {MP-9 Dex+5
                  | Earth}
 71119 | Elf:3    | Got a moldy book
 71671 | Depths:4 | Paralysed by an air elemental for 1 turns
 71693 | Depths:4 | Paralysed by an air elemental for 1 turns
 71990 | Depths:4 | Killed Sojobo
 72066 | Zot:1    | Entered Level 1 of the Realm of Zot
 73224 | Zot:1    | Identified the +0 chain mail of Bugyesm {Int+2}
 74040 | Zot:2    | Identified the +1 great mace "Oprub" {freeze, rC+ Str+3
                  | Dex+3}
 74718 | Zot:2    | Noticed a Killer Klown
 74748 | Zot:2    | Killed a Killer Klown
 76607 | Zot:3    | Reached XP level 25. HP: 231/233 MP: 22/22
 77911 | Zot:3    | You fall into a shaft and drop 1 floor!
 77933 | Zot:4    | Noticed a Killer Klown
 77965 | Zot:4    | Killed a Killer Klown
 78509 | Zot:4    | Noticed an orb of fire
 78522 | Zot:4    | Killed an orb of fire
 78636 | Zot:4    | Identified the amulet "Igeff" {RegenMP Rampage rC+ MP+9}
 78704 | Zot:4    | Noticed a Killer Klown
 78718 | Zot:4    | Killed a Killer Klown
 79656 | Zot:4    | Noticed a Killer Klown
 79727 | Zot:4    | Killed a Killer Klown
 80038 | Zot:5    | Entered Level 5 of the Realm of Zot
 80764 | Zot:5    | Noticed an ancient lich
 80795 | Zot:5    | Killed an ancient lich
 81082 | Zot:5    | Noticed a Killer Klown
 81111 | Zot:5    | Killed a Killer Klown
 81302 | Zot:5    | Noticed an ancient lich
 81322 | Zot:5    | Killed an ancient lich
 81389 | Zot:5    | Noticed an ancient lich
 81426 | Zot:5    | Killed an ancient lich
 81427 | Zot:5    | Reached XP level 26. HP: 168/257 MP: 22/22
 81659 | Zot:5    | Noticed an ancient lich
 81663 | Zot:5    | Noticed an orb of fire
 81707 | Zot:5    | Killed an ancient lich
 81713 | Zot:5    | Killed an orb of fire
 81938 | Zot:5    | Noticed an ancient lich
 81965 | Zot:5    | Killed an ancient lich
 81965 | Zot:5    | Noticed an ancient lich
 83183 | Zot:5    | Noticed a dread lich
 83198 | Zot:5    | Killed a dread lich
 83430 | Zot:5    | Noticed an orb of fire
 83458 | Zot:5    | Killed an orb of fire
 83650 | Zot:5    | Got the Orb of Zot
 83790 | Zot:3    | Noticed Bexiewerph the pandemonium lord
 84284 | D:3      | Noticed Fumeust the pandemonium lord
 84371 | D:$      | Escaped with the Orb!

Illustrated notes

Levels and vault maps discovered:
D:1:      nzn_arrival_water_spiral, layout_basic
D:2:      layout_basic, basic_altar, serial_bayou_pond_b, corner_web_ring,
          grunt_ministairs_10, chequers_serial_rivers_small_3, minivault_4,
          feat_on_display
D:3:      layout_rooms, shapermc_ecumenical_altar_mp_highgroup, uniq_ijyb
D:4:      layout_cave_pods, grunt_temple_overflow_growth_and_decay,
          temple_green, serial_shops, nicolae_shop_just_a_little_nook,
          minmay_fractal_squares_gapless_5
D:5:      layout_cave_pods, mainiacjoe_overflow_alcove_1, tso_oasis_becter,
          serial_shops, nicolae_shop_rolling_square, shop,
          nicolae_shop_hallway_plus
D:6:      gammafunk_steamed_eel, layout_basic, lemuel_doored_altar,
          mainiacjoe_overflow_chevrons, portal_sewer_entry_e, roderic_lattice_a,
          kennysheep_generic_room_11
D:7:      layout_basic, hangedman_abyss_or_decor_stabs
D:8:      layout_cave_pools
D:9:      layout_cave_pools, grunt_ashenzari_visionary
          [grunt_ashenzari_visionary_swamp, grunt_ashenzari_visionary_spider],
          lemuel_crystal_altar, slow_altar_2, special_room [special_room_bee],
          hangedman_weighted_door
D:10:     layout_irregular_city, lair_entry_dummy, orc_0_dummy, minivault_25
D:11:     layout_long_grid, special_room [special_room_orc], uniq_urug
D:12:     layout_stronghold, uniq_azrael, uniq_nergalle
D:13:     layout_stronghold, hangedman_vaults_entry_quadrant_bands,
          hangedman_decor_riveting, grunt_decor_resistance, uniq_jorgrun
D:14:     minmay_the_grid_octo_tiled_squarecenter_mashed
          [minmay_the_grid_octo_focus, minmay_the_grid_octo_horde,
          minmay_the_grid_octo_teeth, minmay_the_grid_octo_chip,
          minmay_the_grid_square_5x5_megaprize_open,
          minmay_the_grid_square_5x5_n_small, minmay_the_grid_square_5x5_forky,
          minmay_the_grid_square_5x5_minibox,
          minmay_the_grid_square_5x5_fancy_junction], layout_loops_ring,
          wad_floor_pattern_untrapped, uniq_roxanne
D:15:     hangedman_depths_entry_civil_slaughter, layout_basic, uniq_kirke
Lair:1:   layout_gridlike, basic_altar
Lair:2:   layout_gridlike, nicolae_spider_entry_orb_guardian,
          gammafunk_ghost_hive, st_stairs_10, infiniplex_staircase_pool
Lair:3:   layout_cave_pods, alex1729_swamp_entry_worm_eleionoma,
          gammafunk_ghost_ooze, basic_altar, beast_lair_carwin_4
Lair:4:   layout_gridlike
Lair:5:   minmay_lair_end_frog_pond, layout_gridlike,
          minmay_slime_entry_jelly_boxes,
          portal_ice_cave_entry_animals_and_master, uniq_nessos
Swamp:1:  layout_falls_marsh, evilmike_swamp_ruin_house_3
Swamp:2:  layout_basic_swamp, evilmike_swamp_ruin_house_2, uniq_aizul
Swamp:3:  layout_basic_swamp, hangedman_swamp_diagram
Swamp:4:  swamp_basic_johnstein, layout_basic_swamp, swamp_pool3,
          statue_in_the_mist_lemuel, nicolae_swamp_snake_nest
Spider:1: layout_spider_delve, uniq_asterion, uniq_agnes
Spider:2: layout_spider_delve
Spider:3: spiders_nest_scorpion_pit
Spider:4: johnstein_spider_rune_arachne_lair, uniq_mlioglotl
Slime:1:  layout_caves
Slime:2:  layout_caves
Slime:3:  layout_caves
Slime:4:  layout_caves
Slime:5:  slime_pit_nicolae_amoeboid
Orc:1:    layout_caves, nicolae_shop_self_help, uniq_erica
Orc:2:    st_orc_congregation, layout_diamond_mine, serial_shops, shop,
          uniq_erolcha, uniq_sonja
Elf:1:    elf_arrival_001, layout_geoelf_grid, minmay_elf_sorcery, minivault_15
Elf:2:    nicolae_elf_blades_crystal_corner, layout_gridlike,
          portal_desolation_entry_garden, drop_trap,
          nicolae_elf_vaults_five_recruitment_drive
Elf:3:    elf_hall_gauntlet_narrow, layout_gridlike, serial_shops, shop,
          nicolae_elf_martial_mastery, uniq_louise
Vaults:1: nicolae_vaults_storage_room_water, nicolae_vaults_little_squares_3,
          nicolae_vaults_double_plus_3, hangedman_vaults_river_flow,
          nicolae_vaults_storage_closets_2, hangedman_vaults_trim,
          nicolae_vaults_closet_pinwheel_3, serial_ice_g,
          hangedman_vaults_capsules, v_misc_29, layout_vaults_quadrants,
          serial_shops, nicolae_shop_back_alley_shop, uniq_saint_roka,
          uniq_nikola
Vaults:2: nicolae_vaults_tetromino_Z_2, nicolae_vaults_octagons,
          nicolae_vaults_trapezoid_lopsided_2, nicolae_vaults_shrinking_rooms_1,
          vaults_dpeg_emergency_exit, nicolae_vaults_surprise_closet,
          hangedman_vaults_nails, v_misc_19, vaults_standard_mumra_x,
          hangedman_vaults_slither, hangedman_vaults_stretched_pinwheel,
          vaults_room_ringed_pool, v_pattern_5, layout_vaults_omnibox
Vaults:3: blue_anna_dwarven_crypt, nicolae_vaults_house_1,
          nicolae_vaults_little_squares_3, nicolae_vaults_little_ls,
          vaults_room_fancy_cross, vaults_mumra_hexcomb, v_misc_19,
          nicolae_vaults_two_Ls, vaults_room_hallway, v_misc_33,
          vaults_room_semicircle, nicolae_vaults_network_periphery,
          nicolae_vaults_stepped_doors, ontoclasm_vaults_claustrophobia,
          nicolae_vaults_tangram_1, nicolae_vaults_yaktaur_gun_rack,
          layout_vaults_omnicross
Vaults:4: v_misc_24, nicolae_vaults_tetromino_T_2, hangedman_vaults_hat,
          hangedman_vaults_locks, nicolae_vaults_security_offices_1,
          nicolae_vaults_shelves_hall, dpeg_vaults_monster_box, v_pattern_4,
          ontoclasm_vaults_shuriken, layout_vaults_chaotic_city
Depths:1: layout_cave_pools, grunt_hell_horde, nicolae_wu_jian_wuxing_cycle,
          fedhas_altar_4, roderic_lattice_octagonal_star, uniq_norris
Depths:2: cheibrodos_birdhouse, layout_gridlike, hell_entry, pan_entry,
          abandoned_shop, minmay_staircase_statues
Depths:3: hangedman_slaughterboxes, hell_entry, abyss_entry, uniq_jory
Depths:4: lemuel_castle_with_subvaults [lemuel_castle_interior_carwin_2],
          layout_cave_shapes, enter_ziggurat_d, serial_sigils,
          serial_sigils_hangedman_snap, serial_sigils_hangedman_writhe,
          serial_sigils_hangedman_carve, serial_sigils_hangedman_scratch,
          minmay_tree_intersection, marbit_kobold_abyss_entry,
          hangedman_tar_grid_catacomb, uniq_sojobo
Zot:1:    layout_gridlike
Zot:2:    layout_onion_interference
Zot:3:    layout_misc_corridors
Zot:4:    grunt_zot_stairs_faceoff, layout_basic
Zot:5:    layout_twisted_circle

Skill      XL: |  1  2  3  4  5  6  7  8  9 10 11 12 13 14 15 16 17 18 19 20 21 22 23 24 25 26 |
---------------+-------------------------------------------------------------------------------+-----
Unarmed Combat | 4 5 6 7 8 9 10 14 15 16 17 18 19 20 22 23 25 26 27 | 27.0
Armour         | 1 3 4 5 7 8 10 12 14 15 17 18 19 20 | 20.4
Fighting       | 4 5 7 9 10 12 14 15 18 19 20 22 23 24 25 | 25.4
Throwing       | 1 3 4 5 9 12 13 15 | 15.0
Dodging        | 4 3 |  4.0
Evocations     | 4 1 5 7 8 10 12 13 14 | 14.3
Shields        | 3 5 7 9 10 12 13 15 16 17 18 | 18.7

Action                     |  1- 3 |  4- 6 |  7- 9 | 10-12 | 13-15 | 16-18 | 19-21 | 22-24 | 25-27 || total
---------------------------+-------+-------+-------+-------+-------+-------+-------+-------+-------++-------
  Melee: Unarmed           |    89 |   115 |   361 |   855 |  1953 |  1834 |  1796 |  2213 |   939 || 10155
  Throw: Dart              |       |     8 |    30 |    44 |    53 |    83 |    51 |    31 |     4 ||   304
         Javelin           |       |       |     4 |    10 |    66 |    72 |    34 |    17 |     9 ||   212
         Throwing net      |       |       |       |       |       |     1 |     1 |     3 |     1 ||     6
 Invoke: Sacrifice Love    |       |     1 |       |       |       |       |       |       |       ||     1
         Reject Sacrifices |       |       |     1 |       |       |       |       |       |       ||     1
         Sacrifice Experie |       |       |     1 |       |       |       |       |       |       ||     1
         Sacrifice Stealth |       |       |       |     1 |       |       |       |       |       ||     1
         Sacrifice an Eye  |       |       |       |     1 |       |       |       |       |       ||     1
         Apocalypse        |       |       |       |     2 |     3 |     9 |     7 |     6 |     2 ||    29
         Draw Out Power    |       |       |       |     1 |     1 |     3 |     2 |     2 |     2 ||    11
         Power Leap        |       |       |       |     1 |       |     1 |     2 |     2 |     4 ||    10
         Sacrifice Health  |       |       |       |     1 |       |       |       |       |       ||     1
         Sacrifice Essence |       |       |       |       |     1 |       |       |       |       ||     1
  Evoke: Wand              |       |     2 |     1 |    12 |    10 |     6 |    20 |    17 |     5 ||    73
         Lightning rod     |       |       |       |       |     6 |     8 |       |       |       ||    14
    Use: Scroll            |       |     7 |     7 |     7 |    14 |     8 |     9 |    14 |     5 ||    71
         Potion            |       |     1 |     1 |       |     3 |    10 |     5 |     7 |     8 ||    35
   Stab: Distracted        |       |       |     2 |     2 |     4 |     7 |     4 |    15 |     4 ||    38
         Invisible         |       |       |     2 |     5 |     8 |    19 |     9 |     9 |    14 ||    66
         Paralysed         |       |       |       |     8 |     9 |     6 |     9 |     7 |     1 ||    40
         Confused          |       |       |       |       |     1 |     1 |       |       |       ||     2
         Held in net/web   |       |       |       |       |       |     2 |       |       |     4 ||     6
 Armour: Robe              |    14 |       |       |       |       |       |       |       |       ||    14
         Leather armour    |    25 |    31 |    35 |       |       |       |       |       |       ||    91
         Steam dragon scal |       |       |   153 |   356 |    48 |       |       |       |       ||   557
         Ice dragon scales |       |       |       |       |   864 |  1019 |   721 |  1050 |   425 ||  4079
  Dodge: Dodged            |    50 |    48 |   203 |   482 |   475 |   468 |   258 |   330 |    87 ||  2401
         Repelled          |       |       |       |       |       |     4 |     8 |    29 |       ||    41
  Block: Buckler           |       |       |       |    94 |   544 |  1083 |   593 |   448 |       ||  2762
         Reflection        |       |       |       |       |     5 |    39 |    20 |    38 |    11 ||   113
         Tower shield      |       |       |       |       |       |       |       |   440 |   486 ||   926

Table legend: (Time is in decaauts)
 A = Elapsed time spent in this place.
 B = Non-inter-level travel time spent in this place.
 C = Inter-level travel time spent in this place.
 D = Time resting spent in this place.
 E = Time spent auto-exploring this place.
 F = Levels seen in this place.
 G = Mean time per level.
                   A        B        C        D        E       F      G
               +--------+--------+--------+--------+--------+-----+--------+
         Total |  80466 |  73140 |   7326 |  18952 |  33558 |  51 | 1577.8 |
       Dungeon |  19546 |  16791 |   2755 |   1982 |  10996 |  15 | 1303.1 |
          Lair |   9130 |   8173 |    957 |   2325 |   3972 |   5 | 1826.0 |
         Swamp |   4389 |   4118 |    271 |    933 |   1977 |   4 | 1097.2 |
   Spider Nest |   7065 |   6706 |    359 |   2409 |   2046 |   4 | 1766.2 |
    Slime Pits |   4005 |   3817 |    188 |   1867 |     34 |   5 |  801.0 |
  Orcish Mines |   1755 |   1475 |    280 |    175 |    704 |   2 |  877.5 |
   Elven Halls |   3852 |   3460 |    392 |    315 |   2088 |   3 | 1284.0 |
        Vaults |   9012 |   8385 |    627 |   1409 |   5066 |   4 | 2253.0 |
        Depths |  11156 |  10269 |    887 |   3875 |   3636 |   4 | 2789.0 |
           Zot |  10552 |   9944 |    608 |   3659 |   3037 |   5 | 2110.4 |
               +--------+--------+--------+--------+--------+-----+--------+

Top non-repeatable levels by time:
Depths:3: 4127 daAuts
Depths:4: 3702 daAuts
   Zot:5: 3481 daAuts
Vaults:1: 3042 daAuts
   Zot:2: 2938 daAuts
    D:13: 2275 daAuts
    D:14: 2273 daAuts
  Lair:4: 2238 daAuts
  Lair:2: 2211 daAuts
Spider:4: 2174 daAuts
Vaults:4: 2133 daAuts
Spider:3: 2058 daAuts
    D:12: 1994 daAuts
Vaults:3: 1932 daAuts
    D:15: 1921 daAuts
